 Dungeon Crawl Stone Soup version 0.31-a0-175-g9f7f995f2b (webtiles) character file.

Game seed: 18239404629133662300

1536 jasper the Magician (level 8, -2/36 HPs)
             Began as a Spriggan Conjurer on June 16, 2023.
             Was a Follower of Vehumet.
             Shot with an arrow by a centaur (11 damage)
             ... on level 7 of the Dungeon.
             The game lasted 00:08:17 (7086 turns).

jasper the Magician (Spriggan Conjurer)             Turns: 7086, Time: 00:08:18

Health: -2/36      AC:  2    Str:  3    XL:     8   Next: 56%
Magic:  16/19      EV: 17    Int: 21    God:    Vehumet [*.....]
Gold:   210        SH:  0    Dex: 14    Spells: 5/20 levels left

rFire   . . .        g - +0 hand axe (venom)
rCold   . . .        (no shield)
rNeg    . . .        a - +0 robe
rPois   .            (helmet restricted)
rElec   .            (no cloak)
rCorr   .            (gloves unavailable)
SInv    +            (boots unavailable)
Will    +....        (no amulet)
Stlth   ++           (no ring)
HPRegen 0.26/turn    (no ring)
MPRegen 0.16/turn

%: no passive effects
@: very quick
A: very small, no large weapons, unfitting armour, see invisible, speed 3
a: Renounce Religion


You were on level 7 of the Dungeon.
You worshipped Vehumet.
Vehumet was aware of your devotion.
You visited 2 branches of the dungeon, and saw 8 of its levels.

You collected 210 gold pieces.

Inventory:

Hand Weapons
 g - a +0 hand axe of venom (weapon)
Missiles
 l - 7 poisoned darts
 q - 3 throwing nets
Armour
 a - a +0 robe (worn)
Magical Staves
 o - a staff of poison
Wands
 d - a wand of paralysis (9)
Scrolls
 n - 3 scrolls of brand weapon
 r - 2 scrolls of identify {unknown}
 u - a scroll of blinking
 v - a scroll of noise {unknown}
 w - a scroll of butterflies
Potions
 b - a potion of magic
 c - a potion of might {unknown}
 e - 2 potions of lignification {unknown}
 f - 4 potions of heal wounds {unknown}
 h - a potion of brilliance {unknown}
 i - a potion of haste {unknown}
 j - 2 potions of enlightenment {unknown}
 k - a potion of invisibility {unknown}
 m - 3 potions of degeneration {unknown}
 p - 2 potions of attraction {unknown}
 s - a potion of curing {unknown}
 t - 3 potions of resistance {unknown}


   Skills:
 - Level 2.6 Dodging
 - Level 3.0 Stealth
 + Level 6.9 Spellcasting
 + Level 5.1 Conjurations
 + Level 5.2 Hexes
 + Level 6.5 Translocations
 + Level 3.4 Poison Magic


You had 5 spell levels left.
You knew the following spells:

 Your Spells              Type           Power      Damage    Failure   Level
a - Magic Dart            Conj           100%       1d8       1%          1
b - Searing Ray           Conj           56%        2d6       1%          2
c - Fulminant Prism       Conj/Hex       14%        3d9       11%         4
d - Iskenderun's Mystic   Conj/Tloc      31%        2d8       9%          4
e - Olgreb's Toxic Radia  Pois           21%        N/A       22%         4

Your spell library contained the following spells:

 Spells                   Type           Power      Damage    Failure   Level
 Foxfire                  Conj/Fire      72%        2x1d7     3%          1
 Shock                    Conj/Air       72%        1d7       3%          1
 Dazzling Flash           Conj/Hex       58%        N/A       3%          3
 Vhi's Electric Charge    Tloc/Air       40%        N/A       7%          3
 Volatile Blastmotes      Fire/Tloc      40%        2d13      7%          3
 Sublimation of Blood     Necr           7%         N/A       14%         2
 Wereblood                Tmut           7%         N/A       14%         2
 Swiftness                Air            7%         N/A       26%         3
 Airstrike                Air            3%         2d(1-17)  65%         4
 Arcjolt                  Conj/Air       9%         1d19      65%         5
 Lee's Rapid Deconstruct  Erth           3%         3d5*      94%         5
 Summon Hydra             Summ           3%         N/A       100%        7
 Discord                  Hex            14%        N/A       100%        8
 Ignition                 Fire           3%         3d4       100%        8
 Maxwell's Capacitive Co  Air            3%         ∞         100%        8


Dungeon Overview and Level Annotations

Branches:
Dungeon (7/15)             Temple (1/1) D:5

Altars:
Gozag
Nemelex Xobeh
Sif Muna
Uskayaw
Vehumet
Yredelemnul


Innate Abilities, Weirdness & Mutations

You are very small and have problems with some larger weapons.
You are too small for most types of armour.
You have supernaturally acute eyesight. (SInv)
You cover ground extremely quickly. (Speed+++)


Message History

The steam dragon is knocked back by the mystic blast.
You now have 2/19 mp.
Okay, then.
You climb upwards.
There is a stone staircase leading down here.
You start resting.
Magic restored.
MP restored: 19
There is a stone staircase leading down here.
You climb downwards.
There is a stone staircase leading up here.
You open the door.
There is an open door here.
A centaur comes into view.
A centaur is nearby!
Aiming: Magic Dart (safe; 1% risk of failure)
Press: ? - help, Q - select action, (/) - cycle Shift-Dir - straight line, f - centaur
Aim: a centaur (asleep, 100% to hit)
The magic dart hits the centaur!
The centaur is moderately wounded.
The centaur shouts!
The centaur wields a +0 shortbow.
The centaur shoots an arrow.
The arrow hits you!
The centaur shoots an arrow.
The arrow hits you!
You take 18 damage, and have 18/36 hp.
MASSIVE DAMAGE!!
You now have 18/19 mp.
Aiming: Magic Dart (safe; 1% risk of failure)
Press: ? - help, Q - select action, (/) - cycle Shift-Dir - straight line, f/p - centaur
Aim: a centaur, wielding a +0 shortbow (moderately wounded, 100% to hit)
The magic dart hits the centaur.
The centaur is heavily wounded.
The centaur shoots an arrow.
The arrow misses you.
You now have 17/19 mp.
Aiming: Magic Dart (safe; 1% risk of failure)
Press: ? - help, Q - select action, (/) - cycle Shift-Dir - straight line, f/p - centaur
Aim: a centaur, wielding a +0 shortbow (heavily wounded, 100% to hit)
The magic dart hits the centaur.
The centaur is severely wounded.
The centaur shoots an arrow.
The arrow hits you!
* * * LOW HITPOINT WARNING * * *
The centaur shoots an arrow.
The arrow hits you!
You die...

..≈~.~..#
..≈~~...#
~.≈..~..#
~.~~~...#
..~~...<#######
~.~~.~##......#
..~≈~..'......#
..≈≈...#......#
#.≈≈...#@.....#
##≈≈#..#......#
#≈ #..#......#
≈≈ #..#......#
≈ #..#......#
####......#
#......#
#.....c#


You could see a centaur.

Vanquished Creatures
  Grinder (D:3)
  Edmund (D:6)
  A water moccasin (D:5)
  A black bear (D:6)
  An orc warrior (D:6)
  An ogre (D:4)
  A gnoll sergeant (D:5)
  A scorpion (D:5)
  A howler monkey (D:6)
  3 hounds
  3 orc priests
  A sleepcap (D:5)
  2 jellies
  6 orc wizards
  12 gnolls
  3 adders (D:2)
  A river rat (D:4)
  3 shadow imps
  An ufetubus (D:4)
  A worm (D:4)
  2 dart slugs
  14 orcs
  8 endoplasms
  2 giant cockroaches
  4 goblins
  3 hobgoblins
  4 jackals
  A kobold (D:4)
  4 quokkas
  8 ball pythons
  5 bats
  3 frilled lizards
  6 rats
109 creatures vanquished.

Vanquished Creatures (others)
  11 fulminant prisms
11 creatures vanquished.

Grand Total: 120 creatures vanquished

Notes
Turn   | Place    | Note
-------+----------+-------------------------------------------
     0 | D:1      | jasper the Spriggan Conjurer began the quest for the Orb.
     0 | D:1      | Reached XP level 1. HP: 9/9 MP: 5/5
   382 | D:1      | Reached XP level 2. HP: 13/13 MP: 1/7
   385 | D:1      | Learned a level 2 spell: Searing Ray
  1570 | D:2      | Reached XP level 3. HP: 16/16 MP: 3/9
  2007 | D:2      | Reached XP level 4. HP: 19/21 MP: 1/11
  2114 | D:2      | Learned a level 4 spell: Fulminant Prism
  2119 | D:2      | Learned a level 4 spell: Iskenderun's Mystic Blast
  2366 | D:3      | Found a hide-covered altar of Uskayaw.
  2376 | D:3      | Reached skill level 1 in Translocations
  2470 | D:3      | Noticed Grinder
  2480 | D:3      | Killed Grinder
  2481 | D:3      | Reached skill level 5 in Spellcasting
  2481 | D:3      | Reached XP level 5. HP: 11/24 MP: 2/13
  2481 | D:3      | Reached XP level 6. HP: 13/28 MP: 2/14
  2486 | D:3      | Learned a level 4 spell: Olgreb's Toxic Radiance
  2573 | D:3      | Found a radiant altar of Vehumet.
  2584 | D:3      | Became a worshipper of Vehumet
  2774 | D:3      | Found a sparkling altar of Nemelex Xobeh.
  3466 | D:4      | Reached skill level 1 in Poison Magic
  3754 | D:4      | Reached XP level 7. HP: 32/32 MP: 9/16
  4223 | D:4      | Reached * piety under Vehumet
  4223 | D:4      | Offered knowledge of Foxfire by Vehumet.
  4388 | D:5      | Entered Level 5 of the Dungeon
  4501 | D:5      | Found a staircase to the Ecumenical Temple.
  4797 | D:5      | Reached skill level 5 in Translocations
  5676 | D:5      | Reached XP level 8. HP: 36/36 MP: 12/18
  5800 | Temple   | Entered the Ecumenical Temple
  5814 | D:6      | Noticed Edmund
  5906 | D:6      | Killed Edmund
  6180 | D:6      | Reached skill level 5 in Conjurations
  6272 | D:6      | Reached skill level 5 in Hexes
  6471 | D:6      | Found a basalt altar of Yredelemnul.
  6654 | D:6      | Found an opulent altar of Gozag.
  6828 | D:6      | Found a shimmering blue altar of Sif Muna.
  7086 | D:7      | Shot with an arrow by a centaur

Illustrated notes

Levels and vault maps discovered:
D:1:      mrwooster_arrival_arrow, layout_loops_cross, minmay_misc_feat_pillars,
          roderic_lattice_a
D:2:      kb_forest_paths, layout_basic, grunt_ministairs_6
D:3:      layout_loops_ring, eat_drink_and_be_merry_uskayaw,
          overflow_temple_1_default, mainiacjoe_overflow_chevrons, uniq_grinder
D:4:      layout_basic, serial_demonic, serial_demonic_g, serial_demonic_g,
          serial_demonic_b, serial_demonic_g, gup_sewer_entry_bowl,
          kennysheep_another_room
D:5:      layout_loops_ring, minmay_temple_entry_mini_moons,
          serial_co_window_serial, co_window_corner_a,
          co_window_of_opportunity_a, co_window_corner_a, co_window_cross_1,
          co_window_paths_a, co_window_broadway_a, co_window_unsneaky_path_e,
          co_window_corner_cb, co_window_4corner_a, glass_columns_a,
          glass_columns_a, glass_columns_a
D:6:      layout_loops_ring, kennysheep_orc_sif_temple,
          mainiacjoe_overflow_paths, yredelemnul_altar_generic, minmay_holes,
          uniq_edmund
D:7:      minmay_inner_zag, layout_gridville, serial_rivers,
          chequers_serial_rivers_small_3, chequers_serial_rivers_micro_d,
          chequers_serial_rivers_room_a, chequers_serial_rivers_room_a,
          serial_shops, shop, kennysheep_decorative_pillar,
          minmay_hollow_rounded_squares
Temple:   eino_temple_water

Skill      XL: |  1  2  3  4  5  6  7  8 |
---------------+-------------------------+-----
Conjurations   | 3 4 5 |  5.1
Spellcasting   | 3 4 5 6 |  6.9
Translocations | 3 4 5 6 |  6.5
Hexes          | 2 3 4 5 |  5.2
Poison Magic   | 1 2 3 |  3.4
Dodging        | |  2.6
Stealth        | |  3.0

Action                     |  1- 3 |  4- 6 |  7- 9 || total
---------------------------+-------+-------+-------++-------
  Melee: Unarmed           |    13 |       |       ||    13
         Hand axe          |       |    14 |    25 ||    39
  Throw: Dart              |     5 |       |       ||     5
   Cast: Magic Dart        |    61 |    55 |    51 ||   167
         Searing Ray       |     6 |    14 |    19 ||    39
         Fulminant Prism   |       |     3 |     8 ||    11
         Iskenderun's Myst |       |       |     7 ||     7
  Evoke: Wand              |       |     1 |     4 ||     5
    Use: Scroll            |     2 |     4 |       ||     6
   Stab: Paralysed         |       |       |     2 ||     2
         Sleeping          |       |       |     1 ||     1
 Armour: Robe              |     2 |     1 |     4 ||     7
  Dodge: Dodged            |    30 |    15 |    38 ||    83

Table legend: (Time is in decaauts)
 A = Elapsed time spent in this place.
 B = Non-inter-level travel time spent in this place.
 C = Inter-level travel time spent in this place.
 D = Time resting spent in this place.
 E = Time spent auto-exploring this place.
 F = Levels seen in this place.
 G = Mean time per level.
                   A        B        C        D        E       F      G
               +--------+--------+--------+--------+--------+-----+--------+
         Total |   5504 |   5412 |     92 |    424 |   4241 |   8 |  688.0 |
       Dungeon |   5502 |   5410 |     92 |    424 |   4241 |   7 |  786.0 |
        Temple |      1 |      1 |      0 |      0 |      0 |   1 |    1.0 |
               +--------+--------+--------+--------+--------+-----+--------+

Top non-repeatable levels by time:
     D:5: 1069 daAuts
     D:6: 976 daAuts
     D:4: 924 daAuts
     D:2: 899 daAuts
     D:1: 839 daAuts
     D:3: 779 daAuts
     D:7: 13 daAuts
  Temple: 1 daAuts
